 Dungeon Crawl Stone Soup version 0.26.1-11-gd32895ea62 (webtiles) character file.

Game seed: 17787613601273470941

64834 Zeld the Warrior (level 14, -2/136 HPs)
             Began as a Minotaur Berserker on May 23, 2021.
             Was a High Priest of Trog.
             Slain by an ice beast (9 damage)
             ... summoned by an ice statue
             ... in an ice cave.
             The game lasted 00:35:52 (33717 turns).

Zeld the Warrior (Minotaur Berserker)              Turns: 33717, Time: 00:35:52

Health: -2/136     AC: 21    Str: 26    XL:     14   Next: 73%
Magic:  13/13      EV: 10    Int:  4    God:    Trog [*****.]
Gold:   218        SH: 13    Dex: 11    Spells: 13/13 levels left

rFire    . . .     SeeInvis .   m - +6 hand axe (flame)
rCold    . . .     Faith    .   a - +5 kite shield
rNeg     . . .     Spirit   .   z - +0 plate armour
rPois    +         Reflect  .   I - +2 hat
rElec    .         Harm     .   c - +1 cloak {rPois}
rCorr    .         Rampage  .   w - +2 pair of gloves
Will     +....                  i - +2 pair of boots
Stlth    ..........             g - amulet of regeneration
HPRegen  0.72/turn              (no ring)
MPRegen  0.13/turn              (no ring)

@: no status effects
A: retaliatory headbutt, horns 2
a: Renounce Religion, Berserk, Trog's Hand, Brothers in Arms


You were in an ice cave.
You worshipped Trog.
Trog was extremely pleased with you.
You visited 3 branches of the dungeon, and saw 17 of its levels.
You visited 1 bazaar.
You also visited: Gauntlet and Ice Cave.

You collected 1619 gold pieces.
You spent 1401 gold pieces at shops.

Inventory:

Hand Weapons
 m - a +6 hand axe of flaming (weapon)
 q - the +9 hand axe "Dragonslayer" {speed, Str+2}
   (You found it on level 12 of the Dungeon)

   Attacks with this weapon are significantly faster.
   It affects your strength (+2).
 D - a +2 hand axe of freezing
 K - a +0 hand axe of electrocution
 P - a +1 vorpal hand axe
Armour
 a - a +5 kite shield (worn)
 c - a +1 cloak of poison resistance (worn)
 i - a +2 pair of boots (worn)
 w - a +2 pair of gloves (worn)
 z - a +0 plate armour (worn)
 I - a +2 hat (worn)
Jewellery
 g - an amulet of regeneration (around neck)
 s - an uncursed ring of flight
 M - an uncursed ring of poison resistance
 O - an uncursed ring of protection from fire
Wands
 f - a wand of polymorph (23)
 r - a wand of digging (5)
 t - a wand of random effects (49)
 x - a wand of flame (24)
 A - a wand of paralysis (10)
 G - a wand of disintegration (9)
 J - a wand of iceblast (17)
 N - a wand of acid (10)
Scrolls
 b - 3 scrolls of teleportation
 d - 3 scrolls of identify
 o - 9 scrolls of remove curse
 B - 4 scrolls of summoning
Potions
 e - 7 potions of curing
 h - a potion of heal wounds
 k - 10 potions of ambrosia
 l - 5 potions of flight
 n - a potion of invisibility
 p - 2 potions of cancellation
 u - 2 potions of resistance {unknown}
 C - 2 potions of berserk rage {unknown}
 E - 3 potions of lignification {unknown}
 F - 2 potions of might {unknown}
 Q - a potion of haste
Miscellaneous
 j - a phial of floods
 H - a condenser vane


   Skills:
 * Level 15.9 Fighting
 - Level 14.0 Axes
 - Level 2.4 Armour
 * Level 14.7 Dodging
 * Level 12.4 Evocations


You had 13 spell levels left.
You didn't know any spells.
Your spell library was empty.

Dungeon Overview and Level Annotations

Branches:
Dungeon (15/15)            Temple (1/1) D:6            Lair (1/6) D:10
    Orc (0/2) D:11         Vaults (0/5) D:14         Depths (0/5) D:15
  IceCv (1/1)             Gauntlet (visited)

Altars:
Ashenzari
Cheibriados
Dithmenos
Elyvilon
Fedhas
Gozag
Hepliaklqana
Kikubaaqudgha
Makhleb
Nemelex Xobeh
Okawaru
Qazlal
Ru
Sif Muna
Trog
Uskayaw
Vehumet
Wu Jian
Xom
Yredelemnul
Zin
The Shining One
Beogh

Shops:
D:4 :   D:5 [   D:15 :

Annotations:
IceCv exclusion: 3 ice statues


Innate Abilities, Weirdness & Mutations

You reflexively headbutt those who attack you in melee.
You have a pair of horns on your head.


Message History

Unknown command.
Okay, then.
You feel much better.
You are engulfed in freezing vapours.
* * * LOW HITPOINT WARNING * * *
The ice statue gestures.
The ice statue gestures at you. The freezing blast engulfs you!!
* * * LOW HITPOINT WARNING * * *
Unknown command.
You feel much better.
You are engulfed in freezing vapours.
* * * LOW HITPOINT WARNING * * *
The ice statue gestures at you. The bolt of cold misses you.
The ice statue glitters chillingly in the dim dungeon light.
Unknown command.
You feel much better.
You are engulfed in freezing vapours.
* * * LOW HITPOINT WARNING * * *
The ice beast hits you.
* * * LOW HITPOINT WARNING * * *
The ice beast freezes you!
You die...

##.....##
##.......##
#.........#
#.........#
#[........#
#?........#
#=(.......#
#####○#####
#8@°○○...8#
#○Y°°°....#
#°○○°.....#
#°○○......#
#.........#
##.......##
##.....##
###8###


You could see 3 ice statues and an ice beast (summoned).

Vanquished Creatures
  Kirke (D:13)
  A cacodemon (Gauntlet)
  An ettin (D:14)
  3 centaur warriors
  A hydra (Lair:1)
  14 two-headed ogres
  A catoblepas (D:13)
  3 ogre magi (D:15)
  5 death yaks (Lair:1)
  2 tengu warriors
  A fire crab (Gauntlet)
  A deep elf archer (D:15)
  3 unseen horrors
  An unseen horror (shapeshifter) (D:15)
  A deep troll (D:14)
  2 orc knights (D:13)
  A necromancer (D:14)
  Pikel (D:7)
  2 wolf spider zombies
  2 deep elf magi
  An orc sorcerer (D:15)
  An oklob plant (Gauntlet)
  A manticore (D:15)
  3 cyclopes
  12 ugly things
  Joseph (D:8)
  4 centaur skeletons
  4 cane toads (Lair:1)
  2 komodo dragons
  A rime drake (Lair:1)
  4 freezing wraiths
  2 ice devils (Lair:1)
  A tengu conjurer (D:15)
  3 meliai (D:15)
  A queen bee (D:15)
  2 trolls
  5 blink frogs (Lair:1)
  14 slime creatures
  Sigmund (D:3)
  5 wraiths
  2 shadows
  2 wyverns
  9 yaks
  A vampire (D:11)
  2 hogs (D:13)
  The ghost of dtburroughs the Skirmisher, an amateur MiBe of Trog (D:3)
  A human (shapeshifter) (D:15)
  2 humans
  Grum (D:8)
  2 fire bats (Gauntlet)
  3 vampire mosquitoes (D:14)
  2 neqoxecs (Gauntlet)
  Menkaure (D:7)
  18 wargs (D:13)
  3 acid dragons
  3 water moccasins
  15 orc warriors
  A swamp drake (D:11)
  10 ice beasts
  3 sky beasts
  A black bear (D:12)
  An eye of draining (D:14)
  2 necrophages
  8 ogres
  7 wolves
  4 centaurs
  3 lemures (D:7)
  3 big kobolds
  Blork the orc (D:5)
  A gnoll sergeant (D:5)
  9 bullfrogs
  11 scorpions
  22 killer bees
  4 wights (D:13)
  7 howler monkeys
  3 bullfrog zombies
  A quasit (D:6)
  8 hounds
  14 orc wizards
  14 orc priests
  A jelly (D:10)
  2 bullfrog skeletons (D:8)
  3 iguanas
  5 worker ants
  2 hound zombies
  A hound skeleton (D:7)
  10 gnolls
  20 adders
  2 shadow imps (D:5)
  4 white imps
  5 ufetubi
  An adder skeleton (D:8)
  2 worms (D:2)
  4 dart slugs
  6 leopard geckos
  101 orcs
  7 bats
  9 giant cockroaches
  6 goblins
  2 hobgoblins
  12 jackals
  26 kobolds
  3 quokkas
  A ball python (D:3)
  8 frilled lizards
  A jackal skeleton (D:10)
  9 rats
574 creatures vanquished.

Vanquished Creatures (collateral kills)
  2 death knights (D:14)
  3 two-headed ogres
  A tengu warrior (D:15)
  A phantasmal warrior (D:14)
  An ugly thing (D:10)
  A gargoyle (D:10)
  A freezing wraith (D:14)
  A shadow (D:9)
  A wraith (D:14)
  A wight (D:9)
  An orc (D:10)
14 creatures vanquished.

Vanquished Creatures (others)
  An ogre (D:14)
  A scorpion (D:9)
  2 hounds (D:9)
  A worker ant (D:9)
  An adder (D:9)
  A shadow imp (D:9)
  An orc (D:11)
  A fire vortex (D:15)
  A fungus (Lair:1)
  18 plants
28 creatures vanquished.

Grand Total: 616 creatures vanquished

Notes
Turn   | Place    | Note
-------+----------+-------------------------------------------
     0 | D:1      | Zeld the Minotaur Berserker began the quest for the Orb.
     0 | D:1      | Reached XP level 1. HP: 19/19 MP: 0/0
   430 | D:1      | Reached XP level 2. HP: 23/26 MP: 1/1
  1288 | D:2      | Reached skill level 5 in Axes
  1288 | D:2      | Reached XP level 3. HP: 16/31 MP: 2/2
  2280 | D:2      | Reached ** piety under Trog
  3015 | D:2      | Reached XP level 4. HP: 22/39 MP: 3/3
  4178 | D:3      | Reached XP level 5. HP: 27/45 MP: 4/4
  4725 | D:3      | Noticed Sigmund
  4735 | D:3      | Killed Sigmund
  4736 | D:3      | Reached XP level 6. HP: 47/51 MP: 5/5
  5019 | D:3      | Noticed dtburroughs's ghost (amateur MiBe)
  5020 | D:3      | Found a transporter.
  5242 | D:3      | Found a hazy altar of Hepliaklqana.
  5258 | D:3      | Found a transporter.
  5337 | D:3      | Found a shadowy altar of Dithmenos.
  5485 | D:3      | Killed dtburroughs's ghost
  5486 | D:3      | Reached XP level 7. HP: 57/57 MP: 6/6
  5755 | D:4      | Found Ynufyrut's Book Shop.
  5853 | D:4      | Reached *** piety under Trog
  5870 | D:4      | Reached skill level 10 in Axes
  7370 | D:5      | Entered Level 5 of the Dungeon
  7486 | D:5      | Reached XP level 8. HP: 64/64 MP: 7/7
  7876 | D:5      | Found Zisme's Armour Emporium.
  7939 | D:5      | Bought a +0 plate armour for 299 gold pieces
  7939 | D:5      | Bought a +0 pair of gloves for 58 gold pieces
  8105 | D:5      | Noticed Blork the orc
  8110 | D:5      | Killed Blork the orc
  8317 | D:5      | Reached **** piety under Trog
  8523 | D:5      | Found a snail-covered altar of Cheibriados.
  8762 | D:6      | Found a blossoming altar of Fedhas.
  8914 | D:6      | Found a staircase to the Ecumenical Temple.
  8976 | Temple   | Entered the Ecumenical Temple
  9603 | D:6      | Reached XP level 9. HP: 53/70 MP: 8/8
  9757 | D:6      | Found an iron altar of Okawaru.
  9950 | D:7      | Noticed Menkaure
  9972 | D:7      | Reached skill level 4 in Fighting
  9974 | D:7      | Reached skill level 1 in Evocations
 10406 | D:7      | Killed Menkaure
 10952 | D:7      | Noticed Pikel
 10961 | D:7      | Killed Pikel
 10962 | D:7      | Reached skill level 5 in Fighting
 11177 | D:7      | Found a hide-covered altar of Uskayaw.
 11667 | D:8      | Noticed Joseph
 11677 | D:8      | Killed Joseph
 11678 | D:8      | Reached skill level 6 in Fighting
 11678 | D:8      | Reached skill level 5 in Dodging
 11866 | D:8      | Noticed Grum
 11879 | D:8      | Killed Grum
 12266 | D:8      | Reached XP level 10. HP: 46/84 MP: 9/9
 12747 | D:8      | Found a roughly hewn altar of Beogh.
 12764 | D:8      | Reached skill level 7 in Fighting
 12768 | D:8      | Reached ***** piety under Trog
 13329 | D:9      | Reached skill level 5 in Evocations
 13412 | D:9      | Reached skill level 8 in Fighting
 13467 | D:9      | Noticed a two-headed ogre
 13468 | D:9      | Found an ornate altar of the Wu Jian Council.
 13479 | D:9      | Killed a two-headed ogre
 13549 | D:9      | Found a shimmering blue altar of Sif Muna.
 13733 | D:9      | Found a broken altar of Ashenzari.
 13744 | D:9      | Got a faintly glowing battleaxe
 13745 | D:9      | Identified the cursed +0 battleaxe of Dissent {antimagic,
                  | Dex+7} (You found it on level 9 of the Dungeon)
 13822 | D:9      | Found an ancient bone altar of Kikubaaqudgha.
 13822 | D:9      | Found a basalt altar of Yredelemnul.
 13823 | D:9      | Found a transporter.
 13824 | D:9      | Noticed a flayed ghost
 13847 | D:9      | Found a shimmering altar of Xom.
 13885 | D:9      | Noticed a death knight
 13890 | D:9      | Found a transporter.
 14194 | D:9      | Received a gift from Trog
 14574 | D:10     | Entered Level 10 of the Dungeon
 14635 | D:10     | Noticed a gargoyle
 14640 | D:10     | Killed a gargoyle
 14873 | D:10     | Noticed a purple ugly thing
 14878 | D:10     | Killed a purple ugly thing
 14934 | D:10     | Reached skill level 9 in Fighting
 14940 | D:10     | Found a runed translucent door.
 14945 | D:10     | Found a basalt altar of Yredelemnul.
 14989 | D:10     | Noticed a two-headed ogre
 14998 | D:10     | Killed a two-headed ogre
 14999 | D:10     | Reached XP level 11. HP: 97/97 MP: 10/10
 15364 | D:10     | Found a staircase to the Lair.
 16415 | D:11     | Reached skill level 10 in Fighting
 16790 | D:11     | Found a staircase to the Orcish Mines.
 17677 | D:12     | Noticed a two-headed ogre
 17680 | D:12     | Identified the ring of Fyocoss {*Tele rPois}
 17694 | D:11     | Killed an unseen horror
 17696 | D:11     | Killed an unseen horror
 18160 | D:11     | Killed a two-headed ogre
 18926 | D:12     | Noticed a sea snake
 18930 | D:12     | Found a sacrificial altar of Ru.
 19009 | D:12     | Noticed a two-headed ogre
 19013 | D:12     | Killed a two-headed ogre
 19014 | D:12     | Reached skill level 11 in Fighting
 19067 | D:13     | Found a gate leading to a gauntlet.
 19074 | Gauntlet | Entered a Gauntlet
 19074 | Gauntlet | Found a transporter.
 19074 | Gauntlet | Found a transporter.
 19074 | Gauntlet | Found a transporter.
 19074 | Gauntlet | Noticed a fire crab
 19074 | Gauntlet | Noticed a harpy
 19075 | Gauntlet | Found a transporter.
 19078 | Gauntlet | Found a transporter.
 19078 | Gauntlet | Found a transporter.
 19080 | Gauntlet | a harpy changed into a shapeshifter
 19082 | Gauntlet | Noticed a soul eater
 19088 | Gauntlet | Found a transporter.
 19092 | Gauntlet | Found a transporter.
 19094 | Gauntlet | Noticed a cacodemon
 19102 | Gauntlet | Found a transporter.
 19105 | Gauntlet | Noticed a hell hog
 19107 | Gauntlet | Found a transporter.
 19128 | Gauntlet | Found a transporter.
 19130 | Gauntlet | Found a transporter.
 19131 | Gauntlet | Noticed an oklob plant
 19191 | Gauntlet | Noticed a fire crab
 19191 | Gauntlet | a yak changed into a fire crab
 19339 | Gauntlet | Noticed an anaconda
 19339 | Gauntlet | a water nymph changed into an anaconda
 19363 | Gauntlet | Reached skill level 10 in Dodging
 19368 | Gauntlet | Killed a fire crab
 20167 | Gauntlet | Killed an oklob plant
 20268 | Gauntlet | Got a pitted war axe
 20269 | Gauntlet | Identified the cursed +0 war axe "Zuiruly" {holy, Fragile
                  | rPois Str+3} (You found it in a Gauntlet)
 20506 | Gauntlet | Killed a cacodemon
 20507 | Gauntlet | Reached XP level 12. HP: 110/110 MP: 11/11
 20993 | Gauntlet | Identified the +6 hunting sling "Cykupn" {vorpal, rPois}
 20993 | Gauntlet | Noticed a minotaur
 22033 | D:13     | Noticed a catoblepas
 22039 | D:13     | Killed a catoblepas
 22040 | D:13     | Reached skill level 12 in Fighting
 22521 | D:12     | Got a brightly glowing hand axe
 22522 | D:12     | Identified the +9 hand axe "Dragonslayer" {speed, Str+2}
                  | (You found it on level 12 of the Dungeon)
 24256 | D:14     | Noticed a death knight
 25045 | D:14     | Noticed a centaur warrior
 25046 | D:14     | Noticed Kirke
 25059 | D:13     | Reached skill level 13 in Fighting
 25403 | D:13     | Reached skill level 10 in Evocations
 25410 | D:13     | Killed Kirke
 25411 | D:13     | Reached XP level 13. HP: 122/122 MP: 12/12
 27274 | D:14     | Reached skill level 14 in Fighting
 27274 | D:14     | Noticed an ettin
 27714 | D:14     | Found a gate to the Vaults.
 27760 | D:14     | Killed an ettin
 27964 | D:15     | Entered Level 15 of the Dungeon
 28124 | D:15     | Found a flickering gateway to a bazaar.
 28130 | Bazaar   | Entered a bazaar
 28130 | Bazaar   | Found Fapahay's Magic Scroll Boutique.
 28130 | Bazaar   | Found Otex's Assorted Antiques.
 28130 | Bazaar   | Found Qycsa Icuu's Distillery.
 28465 | Bazaar   | Found Haepy's Assorted Antiques.
 28465 | Bazaar   | Found Qeokk's Antique Weapon Shop.
 28486 | Bazaar   | Bought a potion of heal wounds for 50 gold pieces
 28486 | Bazaar   | Bought a potion of curing for 30 gold pieces
 28489 | Bazaar   | Bought a scroll of remove curse for 84 gold pieces
 28497 | Bazaar   | Bought 2 scrolls of identify for 92 gold pieces
 28497 | Bazaar   | Bought a scroll of enchant weapon for 172 gold pieces
 28509 | Bazaar   | Bought 3 scrolls of summoning for 370 gold pieces
 28509 | Bazaar   | Bought a scroll of identify for 26 gold pieces
 28509 | Bazaar   | Bought a scroll of identify for 26 gold pieces
 28509 | Bazaar   | Bought a scroll of enchant weapon for 97 gold pieces
 28509 | Bazaar   | Bought a scroll of enchant armour for 97 gold pieces
 29099 | D:15     | Reached XP level 14. HP: 99/133 MP: 13/13
 29784 | D:15     | Reached skill level 15 in Fighting
 31347 | D:15     | Found Ehevaifu's Book Shoppe.
 31432 | D:15     | Found a staircase to the Depths.
 33005 | Lair:1   | Entered Level 1 of the Lair of Beasts
 33598 | Lair:1   | Found a frozen archway.
 33656 | IceCv    | Entered an ice cave
 33717 | IceCv    | Slain by an ice beast

Illustrated notes

Levels and vault maps discovered:
D:1:      ncdulo_wetmaze, layout_loops_ring
D:2:      layout_loops_corners, serial_bayou_lake_a
D:3:      layout_basic, nzn_hepliaklqana_mist_gate, marbit_many_paths,
          gammafunk_ghost_arena, uniq_sigmund
D:4:      layout_basic, serial_shops, shop, kennysheep_small_circle
D:5:      layout_basic, lemuel_coloured_pillars_altar, serial_shops, shop,
          grunt_decor_arrowhead, uniq_blork_the_orc
D:6:      layout_gridville, lemuel_crystal_altar, old_standard_altar,
          temple_statues
D:7:      layout_loops_ring, eat_drink_and_be_merry_uskayaw, uniq_menkaure,
          uniq_pikel
D:8:      layout_gridville, special_room [special_room_orc], uniq_grum,
          uniq_joseph
D:9:      layout_roguey, gammafunk_temple_of_torment, old_standard_altar,
          kennysheep_mini, led_sif_pool, minmay_misc_feat_alley,
          xom_confusion_cloud
D:10:     layout_roguey, lair_entry_dummy, dk_yredelemnul_ordeal
D:11:     minmay_bubble_buster, layout_cave_pools, erik_orc_1,
          serial_co_window_serial, co_window_paths_a, co_window_paths_a,
          co_window_corner_a, co_window_paths_b, co_window_paths_a,
          co_window_corner_cb, co_window_2corner, co_window_of_opportunity_c,
          co_window_cross_3, co_window_corner_b, co_window_broadway_a,
          glass_columns_a, glass_columns_a, glass_columns_b, glass_columns_a,
          glass_columns_b
D:12:     layout_rooms, serial_aquarium, aquarium_bridge_straight
          [aquarium_subvault_bridge, aquarium_subvault_wall,
          aquarium_subvault_bridge, aquarium_subvault_wall],
          aquarium_window_corner, aquarium_window_fake, aquarium_view_2c,
          aquarium_view_2a, aquarium_balcony_double_1, aquarium_pool_1,
          basic_altar
D:13:     lemuel_castle_with_subvaults [lemuel_castle_interior_carwin_2],
          layout_irregular_city, gauntlet_entry_generic
D:14:     layout_irregular_city, david_vaults_4, minmay_misc_feat_diagonals,
          uniq_kirke
D:15:     hangedman_depths_entry_civil_slaughter, layout_basic,
          nicolae_lava_and_water, special_room [special_room_bee], serial_shops,
          bzr_entry_safe, nicolae_shop_statue_plus
Temple:   minmay_temple_curvy_loop
Lair:1:   layout_cave_pods, portal_ice_cave_demonic_guard, lemuel_fruit_tree
IceCv:    ice_cave_statue_garden_chambered

Skill      XL: |  1  2  3  4  5  6  7  8  9 10 11 12 13 14 |
---------------+-------------------------------------------+-----
Axes           | 4 5 6 8 9 11 13 14 | 14.0
Fighting       | 6 9 11 13 14 15 | 15.9
Evocations     | 4 6 8 10 11 12 | 12.4
Dodging        | 5 8 10 12 13 14 | 14.7
Armour         | |  2.4

Action                   |  1- 3 |  4- 6 |  7- 9 | 10-12 | 13-15 || total
-------------------------+-------+-------+-------+-------+-------++-------
Melee: Hand axe          |    97 |    80 |   334 |   685 |   528 ||  1724
       Headbutt          |    14 |    13 |    56 |   145 |   135 ||   363
Invok: Berserk           |       |     4 |    12 |    26 |    11 ||    53
       Trog's Hand       |       |       |     1 |       |       ||     1
       Brothers in Arms  |       |       |       |     7 |    11 ||    18
Evoke: Wand              |       |       |       |     5 |     5 ||    10
       Condenser vane    |       |       |       |     1 |       ||     1
  Use: Scroll            |       |       |    11 |     9 |    22 ||    42
       Potion            |       |       |       |     1 |     5 ||     6
 Stab: Distracted        |       |       |       |     1 |       ||     1
       Paralysed         |       |       |       |       |     2 ||     2
Armor: Skin              |     8 |    14 |    11 |       |       ||    33
       Plate armour      |       |       |   121 |   226 |   135 ||   482
Dodge: Dodged            |    59 |    52 |   134 |   147 |   120 ||   512
Block: Kite shield       |       |       |       |   130 |   199 ||   329
